AoeStats
← driboperez

Black Forest

509385459Analyzed
3v3 RM · 5d ago on Sep 26, 2026· 52m 33s· 6 players
Game mode
Random Map
Map size
Normal (6 player)
Population
200
Speed
Normal
Resources
Standard
Victory
Conquest
Starting age
Dark Age
Ending age
Imperial Age
RankedLock teamsTeams togetherTeam positionsShared explorationLock speedFull tech treeHidden civsTurbo modeCheats
Victory
Defeat
🇹🇷 Celts · Türkiye
990
+16
🇹🇷 Ethiopians · Türkiye
961
+17
🇹🇷 Mongols · Türkiye
957
+17
🇪🇸 Mongols · Spain
1025
-19
🇹🇼 Chinese · Taiwan
993
-17
🇨🇱 Bohemians · Chile
931
-14
seyyarvatandas
0:38 Loom
16:27 Feudal Age
20:08 Scale Barding Armor
27:17 Double-Bit Axe
31:08 Castle Age
30:58 Horse Collar
31:31 Forging
31:23 Pikeman
33:38 Iron Casting
34:59 Bow Saw
38:21 Scale Mail Armor
44:53 Imperial Age
43:30 Gold Mining
45:56 Gold Shaft Mining
45:17 Onager
50:13 Siege Engineers
52:45 Gambesons
52:48 Arson
53:43 Wheelbarrow
52:56 Town Watch
rabbuke
0:49 Loom
11:48 Feudal Age
16:24 Castle Age
16:16 Double-Bit Axe
16:49 Horse Collar
17:37 Bow Saw
24:17 Gold Mining
24:19 Fletching
25:49 Wheelbarrow
25:32 Bodkin Arrow
26:09 Stone Mining
27:26 Padded Archer Armor
28:25 Hand Cart
27:56 Town Watch
29:51 Leather Archer Armor
29:54 Thumb Ring
33:30 Imperial Age
31:34 Bloodlines
31:24 Husbandry
33:31 Capped Ram
34:34 Conscription
34:40 Bracer
35:04 Ballistics
35:11 Parthian Tactics
35:55 Chemistry
34:48 Siege Ram
37:27 Drill
36:45 Elite Mangudai
39:06 Siege Engineers
40:17 Onager
42:49 Siege Onager
76561198089966853
0:40 Loom
12:31 Feudal Age
13:02 Double-Bit Axe
16:40 Castle Age
16:42 Crossbowman
17:30 Thumb Ring
19:47 Fletching
22:56 Bodkin Arrow
23:55 Ballistics
26:17 Padded Archer Armor
30:51 Wheelbarrow
30:13 Gold Mining
31:35 Bow Saw
34:42 Hand Cart
35:24 Horse Collar
37:40 Leather Archer Armor
41:44 Imperial Age
43:06 Gold Shaft Mining
43:52 Heavy Plow
43:46 Stone Mining
45:05 Stone Shaft Mining
45:25 Bracer
45:56 Ring Archer Armor
44:53 Arbalester
46:48 Siege Engineers
48:39 Caravan
49:51 Conscription
49:39 Elite Shotel Warrior
50:30 Forging
50:20 Scale Mail Armor
52:08 Iron Casting
Scaparelli
2:06 Loom
15:53 Feudal Age
16:18 Man-at-Arms
17:44 Arson
19:07 Padded Archer Armor
19:52 Fletching
24:56 Castle Age
33:11 Fervor
driboperez
0:54 Loom
13:15 Feudal Age
14:47 Double-Bit Axe
19:09 Castle Age
20:53 Bow Saw
21:27 Scale Barding Armor
23:22 Chain Barding Armor
24:11 Bloodlines
25:31 Forging
28:12 Husbandry
28:51 Wheelbarrow
30:48 Horse Collar
31:22 Town Watch
33:06 Iron Casting
jeffhou47
14:43 Feudal Age
15:36 Double-Bit Axe
15:36 Horse Collar
23:49 Castle Age
23:50 Man-at-Arms
24:40 Long Swordsman
26:50 Pikeman
28:56 Crossbowman
29:49 Heavy Plow
33:36 Fortified Wall
33:22 Murder Holes
36:01 Imperial Age
35:01 Fletching
35:11 Padded Archer Armor
36:04 Gold Mining
36:05 Stone Mining
36:05 Heavy Rocket Cart
39:57 Heavy Scorpion
41:30 Bow Saw
Connection lost

Rejoining the realm…

Still unreachable

The connection could not be restored.

Session expired

The server has moved on; the page needs a fresh start.